 Dungeon Crawl Stone Soup version 0.27-a0-54-g64bdb92e38 (webtiles) character file.

Game seed: 4500519630096710957

12 Essalna the Grave Robber (level 2, 0/19 HPs)
             Began as a Demonspawn Necromancer on Jan 7, 2021.
             Slain by a jackal (3 damage)
             ... on level 1 of the Dungeon.
             The game lasted 00:01:10 (544 turns).

Essalna the Grave Robber (Demonspawn Necromancer)    Turns: 544, Time: 00:01:10

Health: 0/19       AC:  2    Str:  8    XL:     2   Next: 20%
Magic:  0/5        EV: 12    Int: 16    God:
Gold:   0          SH:  0    Dex: 13    Spells: 4/5 levels left

rFire    . . .     SeeInvis .   (no weapon)
rCold    . . .     Faith    .   (no shield)
rNeg     . . .     Spirit   .   a - +0 robe
rPois    .         Reflect  .   (no helmet)
rElec    .         Harm     .   (no cloak)
rCorr    .         Rampage  .   (no gloves)
Will     .....                  (no boots)
Stlth    ++........             (no amulet)
HPRegen  0.06/turn              (no ring)
MPRegen  0.09/turn              (no ring)

@: no status effects
A: spiny 1
a: no special abilities


You were on level 1 of the Dungeon.
You visited 1 branch of the dungeon, and saw 1 of its levels.

Inventory:

Armour
 a - a +0 robe (worn)
Scrolls
 b - a scroll of immolation {unknown}
 d - a scroll of teleportation {unknown}
Potions
 c - a potion of might {unknown}


   Skills:
 - Level 1.7 Dodging
 - Level 1.7 Stealth
 + Level 2.4 Spellcasting
 + Level 4.7 Necromancy


You had 4 spell levels left.
You knew the following spells:

 Your Spells              Type           Power        Failure   Level
a - Pain                  Necr           68%          2%          1

Your spell library contained the following spells:

 Spells                   Type           Power        Failure   Level
 Animate Skeleton         Necr           34%          2%          1
 Vampiric Draining        Necr           8%           9%          3
 Animate Dead             Necr           8%           28%         4
 Agony                    Necr           17%          61%         5


Dungeon Overview and Level Annotations

Branches:
Dungeon (1/15)

Altars:


Innate Abilities, Weirdness & Mutations

You are partially covered in sharp spines.


Message History

The jackal is moderately wounded.
The jackal misses you. The jackal barely misses you.
Aiming: Pain (safe; 3% risk of failure)
Press: ? - help, Q - select action Shift-Dir - straight line, f/p - jackal
Aim: a jackal (moderately wounded, chance to affect: 87%)
The jackal writhes in agony!
You kill the jackal!
You barely miss the jackal. The jackal bites you.
* * * LOW HITPOINT WARNING * * *
The jackal is struck by your spines. The jackal bites you.
* * * LOW HITPOINT WARNING * * *
You closely miss the jackal.
The jackal is lightly wounded.
The jackal is struck by your spines. The jackal barely misses you.
The jackal barely misses you.
You closely miss the jackal.
The jackal is moderately wounded.
The jackal is struck by your spines. The jackal bites you.
You die...

#.....######)#
#.....#...##.#
.....#...##(# ...
+....#.# #†#
#....#.### #.#
#........# #.#
#...####.## #h###...#
#..# #@##....# ##.#
####.#...### #.#
#....##...## #÷#
#.##.###...## ##.###
#.#..# ##...###....#
#.#..# ##...#.....#
#.#..# ##........##
#.#########........'.
#................<.##


You could see a jackal.

Vanquished Creatures
  A leopard gecko (D:1)
  A hobgoblin (D:1)
  6 jackals (D:1)
  A kobold (D:1)
9 creatures vanquished.

Notes
Turn   | Place    | Note
-------+----------+-------------------------------------------
     0 | D:1      | Essalna the Demonspawn Necromancer began the quest for the
                  | Orb.
     0 | D:1      | Reached XP level 1. HP: 13/13 MP: 3/3
   386 | D:1      | Gained mutation: You are partially covered in sharp spines.
                  | [demonic ancestry]
   386 | D:1      | Reached XP level 2. HP: 13/19 MP: 3/5
   544 | D:1      | Slain by a jackal

Illustrated notes

Levels and vault maps discovered:
D:1:      elethiomel_arrival_shortcut, layout_basic

Action                   || total
-------------------------++-------
Melee: Unarmed           ||    13
 Cast: Pain              ||    16
Armor: Robe              ||     4
Dodge: Dodged            ||    15

Table legend: (Time is in decaauts)
 A = Elapsed time spent in this place.
 B = Non-inter-level travel time spent in this place.
 C = Inter-level travel time spent in this place.
 D = Time resting spent in this place.
 E = Time spent auto-exploring this place.
 F = Levels seen in this place.
 G = Mean time per level.
                   A        B        C        D        E       F      G
               +--------+--------+--------+--------+--------+-----+--------+
         Total |    544 |    544 |      0 |      0 |    473 |   1 |  544.0 |
       Dungeon |    544 |    544 |      0 |      0 |    473 |   1 |  544.0 |
               +--------+--------+--------+--------+--------+-----+--------+

Top non-repeatable levels by time:
     D:1: 544 daAuts
